AoeStats
← bchad5367

Black Forest

510072945Analyzed
4v4 RM · 4d ago on Sep 29, 2026· 54m 34s· 8 players
Game mode
Random Map
Map size
Large (8 player)
Population
200
Speed
Normal
Resources
Standard
Victory
Conquest
Starting age
Dark Age
Ending age
Imperial Age
RankedLock teamsTeams togetherTeam positionsShared explorationLock speedFull tech treeHidden civsTurbo modeCheats
Victory
Defeat
🇨🇳 Italians · China
1054
+16
🇦🇷 Poles · Argentina
1047
+16
1019
+17
🇨🇳 Khmer · China
982
+19
1215
-23
🇦🇺 Britons · Australia
1000
-45
🇧🇪 Aztecs · Belgium
1000
-45
🇨🇳 Persians · China
990
-15
you go die
1:37 Loom
13:50 Feudal Age
19:14 Castle Age
18:28 Double-Bit Axe
19:25 Gold Mining
21:33 Bow Saw
22:58 Horse Collar
24:06 Bloodlines
23:25 Light Cavalry
25:06 Heavy Plow
25:46 Wheelbarrow
25:45 Scale Barding Armor
25:55 Forging
25:57 Town Watch
27:16 Hand Cart
27:26 Chain Barding Armor
27:56 Caravan
30:10 Iron Casting
33:35 Scale Mail Armor
33:36 Padded Archer Armor
33:26 Fletching
33:39 Squires
32:59 Pikeman
33:44 Husbandry
36:46 Imperial Age
36:04 Ballistics
35:25 Treadmill Crane
35:55 Masonry
36:26 Szlachta Privileges
37:01 Coinage
36:50 Stone Mining
37:47 Chain Mail Armor
38:32 Blast Furnace
37:28 Bodkin Arrow
37:48 Leather Archer Armor
36:57 Cavalier
37:02 Elite Obuch
38:18 Hoardings
38:50 Chemistry
39:02 Banking
39:23 Lechitic Legacy
38:27 Winged Hussar
45:31 Bracer
46:06 Plate Mail Armor
48:04 Redemption
48:05 Fervor
48:15 Sanctity
51:34 Crossbowman
52:21 Thumb Ring
52:24 Sappers
53:15 Conscription
54:54 Fishing Lines
让我和Mika一边
11:18 Feudal Age
18:58 Castle Age
17:08 Double-Bit Axe
17:28 Horse Collar
28:14 Imperial Age
27:02 Wheelbarrow
27:04 Stone Mining
27:05 Gold Mining
28:03 Bow Saw
30:26 Heavy Plow
31:55 Chemistry
32:50 Grand Trunk Road
33:34 Padded Archer Armor
33:43 Shatagni
34:12 Conscription
35:49 Leather Archer Armor
39:20 Conscription
42:04 Scale Barding Armor
42:18 Bloodlines
42:08 Husbandry
42:12 Heavy Camel Rider
43:39 Chain Barding Armor
44:14 Imperial Camel Rider
46:53 Caravan
48:32 Plate Barding Armor
49:16 Forging
Mika_168
10:42 Feudal Age
15:43 Castle Age
14:13 Double-Bit Axe
17:31 Horse Collar
23:41 Bow Saw
24:42 Wheelbarrow
30:01 Imperial Age
27:47 Gold Mining
27:51 Stone Mining
28:45 Treadmill Crane
29:29 Ballistics
29:03 Fletching
29:13 Padded Archer Armor
30:17 Hand Cart
30:01 Loom
30:20 Bodkin Arrow
30:40 Leather Archer Armor
31:50 Chemistry
31:16 Conscription
32:31 Thumb Ring
32:19 Elite Genoese Crossbowman
33:23 Bracer
33:54 Ring Archer Armor
34:59 Crossbowman
36:42 Stone Shaft Mining
35:38 Arbalester
53:51 Spies/Treason
君士坦丁十一世
12:38 Feudal Age
15:42 Castle Age
14:12 Double-Bit Axe
15:16 Horse Collar
17:41 Bow Saw
17:36 Heavy Plow
22:17 Wheelbarrow
27:53 Gold Mining
28:30 Forging
29:02 Scale Barding Armor
30:18 Gold Shaft Mining
32:20 Imperial Age
30:46 Iron Casting
31:13 Bloodlines
31:04 Husbandry
31:14 Stone Mining
32:15 Chain Barding Armor
33:58 Conscription
33:52 Siege Engineers
34:09 Ballistics
33:16 Elite Battle Elephant
35:04 Plate Barding Armor
35:31 Blast Furnace
35:27 Tusk Swords
36:43 Stone Shaft Mining
37:39 Chemistry
39:33 Elite Ballista Elephant
Alex Auditore Mercer
2:08 Loom
13:15 Feudal Age
14:48 Town Watch
14:55 Double-Bit Axe
17:37 Castle Age
16:01 Fishing Lines
18:30 Bow Saw
18:47 Gillnets
24:31 Wheelbarrow
25:50 Gold Mining
27:00 Hand Cart
26:43 Stone Mining
29:57 Imperial Age
29:02 Scale Mail Armor
29:13 Forging
29:16 Pikeman
29:56 Squires
30:46 Chain Mail Armor
30:14 Onager
30:26 Halberdier
32:42 Plate Mail Armor
36:25 Conscription
36:16 Siege Engineers
37:12 Chemistry
40:26 Iron Casting
39:45 Siege Onager
41:27 Light Cavalry
42:18 Bloodlines
42:08 Husbandry
42:47 Masonry
42:04 Hussar
43:59 Scale Barding Armor
44:54 Blast Furnace
Poodle
5:19 Loom
9:17 Feudal Age
9:59 Double-Bit Axe
13:17 Horse Collar
19:29 Castle Age
18:47 Gold Mining
18:49 Stone Mining
18:45 Fishing Lines
20:19 Wheelbarrow
19:33 Town Watch
25:08 Gold Shaft Mining
25:01 Bow Saw
27:25 Heavy Plow
28:16 Hand Cart
28:03 Town Patrol
29:13 Scale Mail Armor
30:58 Fletching
33:45 Pikeman
36:59 Imperial Age
34:33 Bodkin Arrow
34:49 Forging
34:40 Padded Archer Armor
36:00 Yeomen
36:49 Squires
36:35 Arson
38:48 Conscription
38:49 Bracer
39:25 Iron Casting
39:45 Leather Archer Armor
38:53 Halberdier
39:21 Gambesons
39:41 Warwolf
41:02 Ballistics
40:54 Fortified Wall
40:39 Murder Holes
40:56 Masonry
40:52 Siege Engineers
42:13 Elite Skirmisher
42:16 Cranequins
44:12 Chemistry
45:17 Chain Mail Armor
46:03 Blast Furnace
48:12 Plate Mail Armor
48:08 Arrowslits
48:56 Architecture
Durandal
12:15 Feudal Age
13:02 Double-Bit Axe
16:25 Castle Age
21:27 Gold Mining
21:58 Bow Saw
21:49 Stone Mining
25:01 Horse Collar
27:30 Forging
27:25 Scale Barding Armor
31:39 Imperial Age
29:50 Husbandry
30:01 Bloodlines
30:29 Iron Casting
30:14 Chain Barding Armor
30:35 Devotion
30:49 Masonry
32:35 Wheelbarrow
33:10 Blast Furnace
32:46 Plate Barding Armor
33:15 Chemistry
32:46 Elite War Elephant
33:52 Conscription
34:04 Fishing Lines
35:47 Heavy Plow
37:46 Gold Shaft Mining
48:12 Gillnets
bchad5367
12:34 Loom
24:08 Feudal Age
24:52 Town Watch
28:08 Wheelbarrow
27:37 Gold Mining
27:42 Double-Bit Axe
27:56 Horse Collar
37:24 Stone Mining
38:36 Padded Archer Armor
38:28 Fletching
38:39 Scale Mail Armor
38:50 Forging
38:06 Man-at-Arms
38:34 Arson
44:39 Castle Age
51:35 Iron Casting
51:16 Chain Mail Armor
51:16 Leather Archer Armor
50:57 Bodkin Arrow
50:32 Crossbowman
50:33 Elite Skirmisher
Connection lost

Rejoining the realm…

Still unreachable

The connection could not be restored.

Session expired

The server has moved on; the page needs a fresh start.